 Dungeon Crawl Stone Soup version 0.30-a0-696-g2367cd04db (webtiles) character file.

Game seed: 12029040635421166458

174 Woods the Sneak (level 5, -1/31 HPs)
             Began as an Octopode Fire Elementalist on Jan 21, 2023.
             Slain by a black bear (2 damage)
             ... on level 4 of the Dungeon.
             The game lasted 00:08:02 (3247 turns).

Woods the Sneak (Octopode Fire Elementalist)        Turns: 3247, Time: 00:08:03

Health: -1/31      AC:  1    Str:  7    XL:     5   Next: 54%
Magic:  8/8        EV: 13    Int: 19    God:
Gold:   158        SH:  0    Dex: 13    Spells: 3/9 levels left

rFire   . . .      SeeInvis .    (no weapon)
rCold   . . .      Faith    .    (no shield)
rNeg    . . .      Spirit   .    (helmet restricted)
rPois   .          Reflect  .    (no amulet)
rElec   .          Harm     .    (no ring)
rCorr   .          Rampage  .    (no ring)
Will    .....                    (no ring)
Stlth   ++++                     (no ring)
HPRegen 0.25/turn                (no ring)
MPRegen 0.11/turn                (no ring)
                                 (no ring)
                                 (no ring)

@: no status effects
A: almost no armour, amphibious, 8 rings, camouflage 1, gelatinous body 1,
(nimble swimmer 1), tentacles
a: no special abilities


You were on level 4 of the Dungeon.
You visited 1 branch of the dungeon, and saw 4 of its levels.

You collected 158 gold pieces.

Inventory:

Missiles
 k - a throwing net
Scrolls
 c - 3 scrolls of immolation {unknown}
 d - a scroll of magic mapping {unknown}
 e - 3 scrolls of identify {unknown}
 f - 3 scrolls of noise {unknown}
 g - 2 scrolls of fear {unknown}
 i - a scroll of poison {unknown}
 m - 2 scrolls of silence {unknown}
Potions
 a - 3 potions of magic
 b - a potion of haste {unknown}
 h - 2 potions of curing {unknown}
 j - a potion of flight {unknown}
 l - 2 potions of heal wounds {unknown}
 n - a potion of degeneration {unknown}


   Skills:
 + Level 2.7 Dodging
 * Level 4.7 Stealth
 + Level 2.6 Spellcasting
 + Level 2.1 Conjurations
 * Level 4.0 Fire Magic


You had 3 spell levels left.
You knew the following spells:

 Your Spells              Type           Power      Damage    Failure   Level
a - Foxfire               Conj/Fire      56%        2x1d6     4%          1
b - Scorch                Fire           34%        2d6       4%          2
c - Inner Flame           Hex/Fire       10%        N/A       21%         3

Your spell library contained the following spells:

 Spells                   Type           Power      Damage    Failure   Level
 Kindle Blastsparks       Fire/Tloc/Air  14%        2d11      26%         3
 Flame Wave               Conj/Fire      14%        2d6       41%         4


Dungeon Overview and Level Annotations

Branches:
Dungeon (4/15)             Temple (0/1) D:4

Altars:
Kikubaaqudgha


Innate Abilities, Weirdness & Mutations

You cannot wear most types of armour.
You are amphibious.
You can wear up to eight rings at the same time.
Your skin changes colour to match your surroundings (Stealth+).
Your rubbery body absorbs attacks. (AC +1, EV +1)
((You are camouflaged when in or above water. (Stealth+)))
You have tentacles for arms and can constrict up to eight enemies at once.


Message History

You feel sick.
You now have 151 gold pieces (gained 12).
You feel sick.
You feel sick.
You feel sick.
You feel sick.
You are no longer poisoned.
You now have 158 gold pieces (gained 7).
Things that are here:
6 poisoned darts; a +0 club; a kobold corpse
There is an escape hatch in the ceiling here.
You start resting.
Magic restored.
You start resting.
HP restored.
Things that are here:
6 poisoned darts; a +0 club; a kobold corpse The black bear growls angrily.
The black bear bites you. The black bear claws you.
The black bear closely misses you.
You tentacle-slap the black bear but do no damage.
You grab the black bear. You squeeze the black bear.
The black bear is lightly wounded.
You constrict the black bear. The black bear bites you!
The black bear misses you. The black bear claws you.
You barely miss the black bear.
The black bear is lightly wounded.
You constrict the black bear, but do no damage.
The black bear bites you! The black bear claws you.
* * * LOW HITPOINT WARNING * * *
The black bear closely misses you.
Unknown command.
You release your grip on the black bear.
The black bear attacks as you move away!
The black bear closely misses you. The black bear barely misses you.
The black bear claws you.
* * * LOW HITPOINT WARNING * * *
The black bear attacks as you move away!
The black bear barely misses you. The black bear claws you.
You die...

.+.....##........##
.####...#........##+###
.####+#...............#
......................#
.......#..............#
............#..##.....#
#.......###...#.......#
#.......# ##..##......#
#.......# #..##@.....#
#.......####..##h.....#
#†...........>##......#
#.....(....#####......#
#..........#####......#
#..........+.......####
#######....###....P#
#....#......P###
#...)##...>P.....


You could see a black bear.

Vanquished Creatures
  A scorpion (D:4)
  4 adders
  A worm (D:3)
  2 dart slugs
  An orc (D:3)
  6 bats
  3 bat zombies (D:3)
  7 endoplasms
  2 giant cockroaches
  3 goblins
  7 hobgoblins
  4 jackals (D:3)
  6 quokkas
  6 ball pythons
  2 kobolds
  10 rats
  A rat zombie (D:3)
66 creatures vanquished.

Vanquished Creatures (others)
  64 foxfires
  2 plants (D:4)
66 creatures vanquished.

Grand Total: 132 creatures vanquished

Notes
Turn   | Place    | Note
-------+----------+-------------------------------------------
     0 | D:1      | Woods the Octopode Fire Elementalist began the quest for
                  | the Orb.
     0 | D:1      | Reached XP level 1. HP: 11/11 MP: 3/3
   403 | D:1      | Reached XP level 2. HP: 13/17 MP: 5/5
   406 | D:1      | Found a faded altar of an unknown god.
   521 | D:1      | Learned a level 2 spell: Scorch
   913 | D:2      | Reached XP level 3. HP: 21/21 MP: 0/6
  1701 | D:2      | Reached XP level 4. HP: 27/27 MP: 2/7
  1809 | D:2      | Learned a level 3 spell: Inner Flame
  2272 | D:3      | Found an ancient bone altar of Kikubaaqudgha.
  3048 | D:4      | Noticed a black bear
  3051 | D:4      | Noticed a scorpion
  3116 | D:4      | Found a staircase to the Ecumenical Temple.
  3152 | D:4      | Killed a scorpion
  3153 | D:4      | Reached XP level 5. HP: 21/31 MP: 1/8
  3246 | D:4      | HP: 1/31 [black bear (4)]
  3247 | D:4      | Slain by a black bear

Illustrated notes

Levels and vault maps discovered:
D:1:      psy_arrival_basics, layout_basic,
          hellmonk_ecumenical_altar_crossroads, minmay_misc_feat_secret_circle
D:2:      layout_loops_corners
D:3:      layout_rooms, lemuel_zombie_altar_kikubaaqudgha
D:4:      layout_basic, minmay_temple_entry_overgrown, serial_shops, shop

Skill      XL: |  1  2  3  4 |
---------------+-------------+-----
Stealth        | 3 4 |  4.7
Conjurations   | 2 |  2.1
Fire Magic     | 4 |  4.0
Dodging        | |  2.7
Spellcasting   | |  2.6

Action                   |  1- 3 |  4- 6 || total
-------------------------+-------+-------++-------
Melee: Unarmed           |    66 |    41 ||   107
       Tentacles         |    18 |     7 ||    25
       Constrict         |    16 |    11 ||    27
       Punch             |     1 |       ||     1
 Cast: Foxfire           |    16 |    22 ||    38
       Scorch            |     6 |    20 ||    26
 Stab: Sleeping          |     8 |     1 ||     9
Armor: Skin              |     4 |     8 ||    12
Dodge: Dodged            |    45 |    44 ||    89

Table legend: (Time is in decaauts)
 A = Elapsed time spent in this place.
 B = Non-inter-level travel time spent in this place.
 C = Inter-level travel time spent in this place.
 D = Time resting spent in this place.
 E = Time spent auto-exploring this place.
 F = Levels seen in this place.
 G = Mean time per level.
                   A        B        C        D        E       F      G
               +--------+--------+--------+--------+--------+-----+--------+
         Total |   3246 |   3187 |     59 |    413 |   1952 |   4 |  811.5 |
       Dungeon |   3246 |   3187 |     59 |    413 |   1952 |   4 |  811.5 |
               +--------+--------+--------+--------+--------+-----+--------+

Top non-repeatable levels by time:
     D:2: 1089 daAuts
     D:3: 938 daAuts
     D:1: 874 daAuts
     D:4: 344 daAuts
